 Dungeon Crawl Stone Soup version 0.30.0 (webtiles) character file.

Game seed: 14487336046944661695

577 samcosmo the Grasshopper (level 7, -9/59 HPs)
             Began as a Purple Draconian Warper on July 20, 2023.
             Mangled by Pikel
             ... wielding a +1 whip of electrocution
              (11 damage)
             ... on level 5 of the Dungeon.
             The game lasted 00:15:36 (4632 turns).

samcosmo the Grasshopper (Purple Draconian Warper)  Turns: 4632, Time: 00:15:38

Health: -9/59      AC:  8    Str: 16    XL:     7   Next: 13%
Magic:  8/13       EV: 12    Int: 13    God:
Gold:   220        SH:  0    Dex: 10    Spells: 5/14 levels left

rFire   . . .        o - +0 dire flail (protect)
rCold   . . .        (shield currently unavailable)
rNeg    . . .        (body armour unavailable)
rPois   .            (helmet restricted)
rElec   .            (no cloak)
rCorr   .            (no gloves)
SInv    .            j - +1 pair of boots
Will    +....        d - amulet of the acrobat
Stlth   +            (no ring)
HPRegen 0.29/turn    (no ring)
MPRegen 0.13/turn

%: acrobat
@: on blink cooldown
A: breathe power, AC +6, unfitting armour, cold-blooded
a: Breathe Dispelling Energy


You were on level 5 of the Dungeon.
You visited 1 branch of the dungeon, and saw 5 of its levels.

You collected 256 gold pieces.
You spent 36 gold pieces at shops.

Inventory:

Hand Weapons
 a - a +0 mace of electrocution
 o - a +0 dire flail of protection (weapon)
Missiles
 c - 7 boomerangs of dispersal (quivered)
Armour
 j - a +1 pair of boots (worn)
Jewellery
 d - an amulet of the acrobat (around neck)
 s - an amulet of faith
Wands
 m - a wand of roots (8)
 r - a wand of acid (10)
Scrolls
 b - 5 scrolls of blinking
 g - 2 scrolls of teleportation {unknown}
 i - a scroll of magic mapping
 k - a scroll of vulnerability
 t - a scroll of brand weapon
Potions
 e - 2 potions of magic
 f - a potion of attraction
 h - a potion of resistance {unknown}
 l - a potion of curing {unknown}
 n - a potion of heal wounds {unknown}
 p - a potion of brilliance {unknown}
 q - 4 potions of mutation
 u - a potion of flight {unknown}


   Skills:
 + Level 4.2 Fighting
 + Level 3.9 Maces & Flails
 - Level 0.8 Throwing
 - Level 2.1 Dodging
 + Level 4.3 Spellcasting
 * Level 5.7 Translocations


You had 5 spell levels left.
You knew the following spells:

 Your Spells              Type           Power      Damage    Failure   Level
a - Blink                 Tloc           34%        N/A       3%          2
b - Vhi's Electric Charg  Tloc/Air       20%        N/A       19%         3
c - Manifold Assault      Tloc           17%        N/A       19%         4

Your spell library contained the following spells:

 Spells                   Type           Power      Damage    Failure   Level
 Lesser Beckoning         Tloc           34%        N/A       3%          2
 Teleport Other           Tloc           17%        N/A       6%          3
 Portal Projectile        Hex/Tloc       20%        N/A       19%         3
 Magic Dart               Conj           8%         1d3       21%         1
 Call Imp                 Summ           4%         N/A       30%         2
 Call Canine Familiar     Summ           2%         N/A       52%         3
 Mephitic Cloud           Conj/Pois/Air  2%         N/A       52%         3
 Summon Guardian Golem    Hex/Summ       2%         N/A       52%         3
 Leda's Liquefaction      Hex/Erth       1%         N/A       89%         4
 Orb of Destruction       Conj           1%         9d5       100%        7
 Spellforged Servitor     Conj/Summ      1%         N/A       100%        7


Dungeon Overview and Level Annotations

Branches:
Dungeon (5/15)
 Temple: D:4-7

Altars:
Ashenzari
Nemelex Xobeh
The Shining One

Shops:
D:3 !

Annotations:
D:5 Pikel


Innate Abilities, Weirdness & Mutations

You can breathe bolts of dispelling energy.
Your rich purple scales are hard. (AC +6)
You cannot fit into any form of body armour.
You are cold-blooded and may be slowed by cold attacks.


Message History

The lemure shouts!
Pikel completely misses you.
You closely miss Pikel.
Pikel hits you with a +1 whip of electrocution!
You hit Pikel.
Your weapon exudes an aura of protection.
Pikel is lightly wounded.
Pikel hits you with a +1 whip of electrocution.
Pikel closely misses you.
You barely miss Pikel.
The lemure shouts!
Your tail-slap misses Pikel.
Pikel is lightly wounded.
Pikel hits you with a +1 whip of electrocution!
You hit Pikel.
Pikel is lightly wounded.
Pikel hits you with a +1 whip of electrocution.
You barely miss Pikel.
Your tail-slap misses Pikel.
Pikel is lightly wounded.
Pikel hits you with a +1 whip of electrocution.
You barely miss Pikel.
Pikel is lightly wounded.
Pikel hits you with a +1 whip of electrocution!
You sock Pikel!
Pikel is heavily wounded.
Pikel hits you with a +1 whip of electrocution.
You are electrocuted!
* * * LOW HITPOINT WARNING * * *
Casting: Vhi's Electric Charge (dangerous; 19% risk of failure)
Confirm with . or Enter, or press ? or * to list all spells.
You blink.
You feel stable enough to blink again.
You barely miss the lemure. The lemure closely misses you.
Casting: Blink (safe; 3% risk of failure)
Confirm with . or Enter, or press ? or * to list all spells.
You blink.
Pikel hits you with a +1 whip of electrocution!
* * * LOW HITPOINT WARNING * * *
You are electrocuted!
You die...

###.# #.....##...#
#.# ....#
#.....####.# #.#
##### #.#.### #.#
#.# #
#.#.######.###.# #
#.#..........#.# #
#.#............##
#
##.##§#####......#
# #...#5# ###.##.#
# ###...#@# #.##.#
##########....5K.#
#.##.#
.................#
#.##.#
##########.......#
#.##.#
......§........###
#.##.#
.###########...#
#.##.##### ##
##### #......... #
########.#####
#........#


You could see Pikel and 2 lemures.

Vanquished Creatures
  Edmund (D:5)
  An ice beast (D:4)
  2 lemures (D:5)
  A howler monkey (D:5)
  3 hounds
  A jelly (D:4)
  Robin (D:3)
  4 gnolls
  8 adders
  3 worms
  3 dart slugs
  3 orcs (D:5)
  8 endoplasms
  2 giant cockroaches
  9 goblins
  10 hobgoblins
  5 kobolds
  5 quokkas
  6 ball pythons
  3 bats (D:1)
  8 frilled lizards
  8 rats
95 creatures vanquished.

Vanquished Creatures (others)
  A plant (D:4)
  2 withered plants (D:1)
3 creatures vanquished.

Grand Total: 98 creatures vanquished

Notes
Turn   | Place    | Note
-------+----------+-------------------------------------------
     0 | D:1      | samcosmo the Draconian Warper began the quest for the Orb.
     0 | D:1      | Reached XP level 1. HP: 17/17 MP: 3/3
   175 | D:1      | Reached XP level 2. HP: 25/25 MP: 5/5
   559 | D:1      | Reached XP level 3. HP: 29/30 MP: 6/6
   780 | D:1      | Found a faded altar of an unknown god.
   866 | D:1      | Learned a level 2 spell: Blink
   870 | D:1      | Learned a level 3 spell: Vhi's Electric Charge
  1418 | D:2      | Reached XP level 4. HP: 18/37 MP: 7/7
  1541 | D:2      | Reached skill level 4 in Translocations
  2199 | D:3      | Noticed Robin
  2219 | D:3      | Killed Robin
  2461 | D:3      | Found Fauny's Distillery.
  2669 | D:3      | Bought a potion of lignification for 36 gold pieces
  2699 | D:4      | Reached XP level 5. HP: 38/45 MP: 9/9
  2795 | D:4      | Found a broken altar of Ashenzari.
  2795 | D:4      | Found a glowing golden altar of the Shining One.
  2882 | D:4      | Learned a level 4 spell: Manifold Assault
  2934 | D:4      | Identified the +3 leather armour of Pan-Flutes {rElec
                  | Will+}
  3291 | D:5      | Entered Level 5 of the Dungeon
  3300 | D:5      | Noticed an ice beast
  3318 | D:4      | Killed an ice beast
  3319 | D:4      | Reached skill level 5 in Translocations
  3319 | D:4      | Reached XP level 6. HP: 31/52 MP: 5/10
  3683 | D:5      | Noticed Edmund
  3747 | D:5      | Killed Edmund
  3748 | D:5      | Your scales start taking on a rich purple colour.
  3748 | D:5      | Reached XP level 7. HP: 50/59 MP: 10/13
  4103 | D:5      | Noticed Pikel
  4484 | D:5      | Found a sparkling altar of Nemelex Xobeh.
  4632 | D:5      | HP: 2/59 [Pikel/+1 whip of electrocution (12)]
  4632 | D:5      | Mangled by Pikel

Illustrated notes

Levels and vault maps discovered:
D:1:      dpeg_arrival_houses_and_road, layout_basic,
          shapermc_ecumenical_altar_flowoftime, minmay_octomino_j4
D:2:      layout_loops_corners, dk_noncrumbling_4,
          wander_ebering_terrifying_dragon_lair
D:3:      layout_loops_ring, serial_shops, nicolae_shop_industrial_runoff,
          uniq_robin
D:4:      layout_cave_pools, grunt_temple_overflow_open, serial_bayou_crossing
D:5:      layout_loops_ring, mainiacjoe_overflow_alcove_1, minivault_14,
          uniq_edmund, uniq_pikel

Skill      XL: |  1  2  3  4  5  6 |
---------------+-------------------+-----
Translocations | 4 5 |  5.7
Fighting       | 3 4 |  4.2
Maces & Flails | 3 |  3.9
Spellcasting   | 3 4 |  4.3
Throwing       | |  0.8
Dodging        | |  2.1

Action                     |  1- 3 |  4- 6 |  7- 9 || total
---------------------------+-------+-------+-------++-------
  Melee: Mace              |   123 |   164 |       ||   287
         Tailslap          |     8 |    15 |     5 ||    28
         Punch             |       |     3 |       ||     3
         Dire flail        |       |       |    49 ||    49
   Cast: Blink             |       |     3 |     4 ||     7
         Vhi's Electric Ch |       |     1 |     2 ||     3
    Use: Scroll            |       |    11 |       ||    11
         Potion            |       |     2 |       ||     2
 Armour: Skin              |    33 |    67 |    16 ||   116
  Dodge: Dodged            |    86 |    89 |    25 ||   200
